 Dungeon Crawl Stone Soup version 0.29.1-15-g9cfb28693d (webtiles) character file.

Game seed: 13958163954707808091

152 dudediamond6 the Poker (level 5, -2/39 HPs)
             Began as a Merfolk Gladiator on Mar 14, 2023.
             Was a Priest of Zin.
             Slain by viagra's ghost (3 damage)
             ... on level 3 of the Dungeon.
             The game lasted 00:03:05 (2902 turns).

dudediamond6 the Poker (Merfolk Gladiator)          Turns: 2902, Time: 00:03:05

Health: -2/39      AC:  9    Str: 17    XL:     5   Next: 34%
Magic:  5/5        EV: 13    Int:  7    God:    Zin [***...]
Gold:   170        SH:  5    Dex: 15    Spells: 4/4 levels left

rFire   . . .      SeeInvis .   a - +0 trident
rCold   . . .      Faith    .   (no shield)
rNeg    . . .      Spirit   .   u - +0 acid dragon scales
rPois   .          Reflect  +   c - +0 helmet
rElec   .          Harm     .   i - +0 cloak
rCorr   +          Rampage  .   (no gloves)
Will    .....                   x - +0 pair of boots
Stlth   +.........              w - amulet of reflection
HPRegen 0.13/turn               (no ring)
MPRegen 0.09/turn               (no ring)

@: no status effects
A: (nimble swimmer 2), mertail
a: Renounce Religion, Recite, Vitalisation, Imprison, Donate Gold


You were on level 3 of the Dungeon.
You worshipped Zin.
Zin was most pleased with you.
You visited 1 branch of the dungeon, and saw 3 of its levels.

You collected 188 gold pieces.
You donated 18 gold pieces to Zin.

Inventory:

Hand Weapons
 a - a +0 trident (weapon)
Missiles
 d - 4 throwing nets (quivered)
 e - a javelin
Armour
 c - a +0 helmet (worn)
 i - a +0 cloak (worn)
 u - +0 acid dragon scales (worn)
 x - a +0 pair of boots (worn)
Jewellery
 w - an amulet of reflection (around neck)
Scrolls
 f - 2 scrolls of fear {unknown}
 h - a scroll of amnesia {unknown}
 k - a scroll of teleportation {unknown}
 m - a scroll of vulnerability {unknown}
 n - a scroll of blinking {unknown}
 o - a scroll of poison {unknown}
 p - 2 scrolls of identify {unknown}
 q - a scroll of magic mapping {unknown}
 s - a scroll of butterflies {unknown}
Potions
 g - 2 potions of degeneration {unknown}
 j - 3 potions of curing {unknown}
 l - 2 potions of lignification {unknown}
 r - a potion of flight {unknown}
 t - a potion of haste {unknown}
 v - a potion of heal wounds {unknown}


   Skills:
 + Level 2.7 Fighting
 + Level 6.0 Polearms
 + Level 2.1 Throwing
 + Level 0.6 Armour
 + Level 5.4 Dodging
 + Level 0.5 Stealth


You had 4 spell levels left.
You didn't know any spells.
Your spell library contained the following spells:

 Spells                   Type           Power      Damage    Failure   Level
 Apportation              Tloc           0%         N/A       54%         1
 Alistair's Intoxication  Tmut/Pois      0%         N/A       100%        5


Dungeon Overview and Level Annotations

Branches:
Dungeon (3/15)

Altars:
Okawaru
Xom
Yredelemnul
Zin

Annotations:
D:3 viagra's ghost, weakling HOFi


Innate Abilities, Weirdness & Mutations

((You are very nimble when in or above water. (Stealth+, EV+, Speed+++)))
Your lower body shifts to a powerful aquatic tail in water.


Message History

You hit viagra's ghost but do no damage.
Viagra's ghost hits you!
You hit viagra's ghost.
Viagra's ghost is lightly damaged.
Viagra's ghost hits you!
You are too injured to fight recklessly!
You are too injured to fight recklessly!
You are too injured to fight recklessly!
You are too injured to fight recklessly!
You are too injured to fight recklessly!
You hit viagra's ghost.
Viagra's ghost is lightly damaged.
Viagra's ghost closely misses you.
You closely miss viagra's ghost.
Viagra's ghost is lightly damaged.
Viagra's ghost hits you.
You hit viagra's ghost but do no damage.
Viagra's ghost is lightly damaged.
You block viagra's ghost's attack.
You hit viagra's ghost.
Viagra's ghost is lightly damaged.
Viagra's ghost barely misses you.
You closely miss viagra's ghost.
Viagra's ghost is lightly damaged.
Viagra's ghost hits you!
* * * LOW HITPOINT WARNING * * *
You hit viagra's ghost.
Viagra's ghost is lightly damaged.
Viagra's ghost misses you.
You hit viagra's ghost.
Viagra's ghost is moderately damaged.
Viagra's ghost hits you.
* * * LOW HITPOINT WARNING * * *
You puncture viagra's ghost!
Viagra's ghost is heavily damaged.
Viagra's ghost hits you but does no damage.
You hit viagra's ghost.
Viagra's ghost is severely damaged.
Viagra's ghost hits you.
You die...

#............[.#
###............######
#.................#
#...(..##'#########
#......##.#### #####
#......##....### #....
#......#####.#.## #..).
#......##$.'....# #....
#.#'#####[.W@._.# #....
#####.#.#####$$'....# #....
....#.#.##.#####.#.##########....
...........##....### #.........>.
.#.#.#.#.#.##.#### ########....
#.#.#.#.#.###'####### ######....
.#.#.#.#.#.#...#.#..# #...##....
#.#.#.#.#.#.#.#.#.#.# #...##....
.#.#.#.#.#.#.#.#.#..####...##....


You could see viagra's ghost.

Vanquished Creatures
  A scorpion zombie (D:3)
  2 orc wizards (D:3)
  2 adders (D:3)
  3 worms
  4 dart slugs
  3 orcs (D:3)
  2 endoplasms
  A giant cockroach (D:3)
  4 goblins
  2 hobgoblins
  2 jackals (D:3)
  2 quokkas
  3 ball pythons
  A ball python zombie (D:3)
  3 bats (D:1)
  4 frilled lizards
  4 kobolds
  3 rats
46 creatures vanquished.

Vanquished Creatures (others)
  A gnoll (D:3)
  An adder (D:3)
  A goblin (D:3)
  A quokka (D:3)
  2 kobolds (D:3)
6 creatures vanquished.

Grand Total: 52 creatures vanquished

Notes
Turn   | Place    | Note
-------+----------+-------------------------------------------
     0 | D:1      | dudediamond6 the Merfolk Gladiator began the quest for the
                  | Orb.
     0 | D:1      | Reached XP level 1. HP: 16/16 MP: 1/1
   310 | D:1      | Reached XP level 2. HP: 15/22 MP: 2/2
   935 | D:1      | Found a faded altar of an unknown god.
   979 | D:1      | Prayed at the altar of an unknown god.
   979 | D:1      | Became a worshipper of Zin the Law-Giver
   979 | D:1      | Reached * piety under Zin
  1211 | D:2      | Found an iron altar of Okawaru.
  1239 | D:2      | Reached ** piety under Zin
  1409 | D:2      | Reached XP level 3. HP: 18/28 MP: 3/3
  1835 | D:3      | Reached skill level 5 in Polearms
  2259 | D:3      | Found a shimmering altar of Xom.
  2276 | D:3      | Reached XP level 4. HP: 34/34 MP: 4/4
  2431 | D:3      | Reached *** piety under Zin
  2614 | D:3      | Found a runed translucent gate.
  2614 | D:3      | Found a runed translucent gate.
  2614 | D:3      | Found a runed translucent gate.
  2614 | D:3      | Noticed viagra's ghost (weakling HOFi)
  2635 | D:3      | Found a basalt altar of Yredelemnul.
  2655 | D:3      | Reached skill level 6 in Polearms
  2793 | D:3      | Reached skill level 5 in Dodging
  2793 | D:3      | Reached XP level 5. HP: 39/39 MP: 5/5
  2900 | D:3      | HP: 1/39 [viagra's ghost (6)]
  2902 | D:3      | Slain by viagra's ghost

Illustrated notes

Levels and vault maps discovered:
D:1:      minmay_arrival_four_loops, layout_basic,
          hellmonk_ecumenical_altar_crossroads, chequers_mini_garden,
          minmay_misc_feat_tower
D:2:      layout_basic, basic_altar
D:3:      layout_basic, xom_confusion_cloud, nicolae_yredelemnul_ghost_church

Skill      XL: |  1  2  3  4 |
---------------+-------------+-----
Polearms       | 5 6 |  6.0
Dodging        | 5 |  5.4
Fighting       | |  2.7
Throwing       | |  2.1
Armour         | |  0.6
Stealth        | |  0.5

Action                   |  1- 3 |  4- 6 || total
-------------------------+-------+-------++-------
Melee: Trident           |   136 |    68 ||   204
       Punch             |     3 |     2 ||     5
Armor: Leather armour    |    23 |       ||    23
       Acid dragon scale |    11 |    20 ||    31
Dodge: Dodged            |    64 |    24 ||    88
Block: Other             |       |     6 ||     6
